 Dungeon Crawl Stone Soup version 0.28-a0-622-gbaef9634d7 (webtiles) character file.

Game seed: 9987204530690348404

406 ytrimaz the Chopper (level 6, -1/82 HPs)
             Began as a Draconian Berserker on Oct 7, 2021.
             Was a Believer of Trog.
             Slain by a phantom (6 damage)
             ... on level 4 of the Dungeon.
             The game lasted 00:04:33 (3534 turns).

ytrimaz the Chopper (Draconian Berserker)           Turns: 3534, Time: 00:04:33

Health: -1/82      AC: 23    Str: 19 (22) XL:     6   Next: 56%
Magic:  6/6        EV:  2    Int:  4 (7)  God:    Trog [**....]
Gold:   157        SH:  0    Dex:  8 (10) Spells: 5/5 levels left

rFire   . . .      SeeInvis .   a - +1 hand axe
rCold   . . .      Faith    .   (no shield)
rNeg    . . .      Spirit   .   (armour unavailable)
rPois   +          Reflect  .   (helmet currently unavailable)
rElec   .          Harm     .   (cloak currently unavailable)
rCorr   +          Rampage  .   (gloves currently unavailable)
Will    .....      NoTele   +   (boots currently unavailable)
Stlth   +.........              (no amulet)
HPRegen 0.23/turn               l - ring of resist corrosion
MPRegen 0.10/turn               (no ring)

@: tree-form, on berserk cooldown, attractive, slowed, very slow
A: stationary, stasis, torment immunity, boosted hp, AC +6, unfitting armour,
(cold-blooded), (poison resistance)
a: Renounce Religion, Berserk, Trog's Hand


You were on level 4 of the Dungeon.
You worshipped Trog.
Trog was pleased with you.
You were a tree.
You visited 1 branch of the dungeon, and saw 4 of its levels.

You collected 157 gold pieces.

Inventory:

Hand Weapons
 a - a +1 hand axe (weapon)
Armour
 q - a +1 cloak (melded)
Jewellery
 l - a ring of resist corrosion (left branch)
Wands
 p - a wand of flame (15)
Scrolls
 c - a scroll of identify
 g - 2 scrolls of amnesia
 i - a scroll of fear
 k - 3 scrolls of magic mapping {unknown}
 n - a scroll of enchant armour {unknown}
 o - a scroll of immolation {unknown}
Potions
 d - a potion of attraction
 e - a potion of curing


   Skills:
 + Level 4.8 Fighting
 + Level 5.9 Axes
 + Level 4.0 Dodging


You had 5 spell levels left.
You didn't know any spells.
Your spell library was empty.

Dungeon Overview and Level Annotations

Branches:
Dungeon (4/15)
 Temple: D:4-7

Altars:

Shops:
D:2 [


Innate Abilities, Weirdness & Mutations

You are a tree.
Your roots penetrate the ground, keeping you stationary.
You cannot be teleported.
You are immune to unholy pain and torment.
Your maximum health is greatly increased.
Your equipment is partially melded.
((Your plain brown scales are hard. (AC +6)))
You cannot fit into any form of body armour.
((You are cold-blooded and may be slowed by cold attacks.))
((Your system is resistant to poisons. (rPois)))


Message History

You hit the phantom. The phantom barely misses you.
The orc wizard hits you but does no damage.
You hit the orc wizard.
The orc wizard is lightly wounded.
You closely miss the phantom. The phantom hits you.
* * * LOW HITPOINT WARNING * * *
The orc wizard hits you but does no damage.
The phantom hits you.
* * * LOW HITPOINT WARNING * * *
The orc wizard hits you with a +0 dagger.
* * * LOW HITPOINT WARNING * * *
As you read the scroll labelled KIBLOL KOFAWK, it crumbles to dust.
It is a scroll of identify.
g - 2 scrolls of amnesia The phantom hits you but does no damage.
The orc wizard hits you but does no damage.
As you read the scroll labelled ACHEDW PETHREQ, it crumbles to dust.
You hear a loud clanging noise!
It was a scroll of noise.
You hear a shout!
The phantom hits you but does no damage.
The orc wizard gestures at you while chanting.
The magic dart hits you but does no damage.
The phantom hits you but does no damage.
The orc wizard points at you and mumbles some strange words.
The magic dart hits you.
* * * LOW HITPOINT WARNING * * *
As you read the scroll labelled OSUBLI AHIRE, it crumbles to dust.
You assume a fearsome visage.
The orc wizard looks frightened!
The phantom is unaffected.
It was a scroll of fear.
The phantom hits you but does no damage.
The orc wizard mumbles some strange words.
The orc wizard flickers and vanishes!
Deactivating autopickup; reactivate with Ctrl-A.
As you read the scroll labelled YVOAHY ESOUJE, it crumbles to dust.
It is a scroll of enchant weapon.
Your +0 hand axe glows red for a moment.
The phantom hits you but does no damage.
The phantom hits you.
You die...

#.# #.# #.# #.# #.# #.#
######
#####.#####.####....#######
..............)...>........
......##....####....#######
######.....## #....# #
#.#.†.# #....# .# #.#...#
#♣...# .. #.#...# #.W..#
#.## #.#...# #....# #..#
#>#...# .'.......
##.###.#...# #.#......##
.).....#...# #.#......#
.#..####...# # ####...#
.##.# #...# ...# .##.##
...# ...#


You could see a phantom.

Vanquished Creatures
  An ogre (D:4)
  A phantom (D:4)
  Crazy Yiuf (D:3)
  An orc priest (D:4)
  A centaur skeleton (D:4)
  An orc wizard (D:4)
  A hound skeleton (D:4)
  8 adders
  10 orcs
  6 endoplasms
  A giant cockroach (D:3)
  4 goblins
  7 hobgoblins
  2 kobolds
  3 quokkas
  5 ball pythons
  3 bats
  A frilled lizard (D:2)
  3 rats
60 creatures vanquished.

Notes
Turn   | Place    | Note
-------+----------+-------------------------------------------
     0 | D:1      | ytrimaz the Draconian Berserker began the quest for the
                  | Orb.
     0 | D:1      | Reached XP level 1. HP: 19/19 MP: 1/1
   106 | D:1      | Reached XP level 2. HP: 22/26 MP: 2/2
   382 | D:1      | Found a faded altar of an unknown god.
  1153 | D:2      | Reached XP level 3. HP: 33/33 MP: 3/3
  1764 | D:2      | Reached ** piety under Trog
  1789 | D:2      | Found Rijuv's Antique Armour Emporium.
  2039 | D:3      | Reached skill level 4 in Axes
  2039 | D:3      | Reached XP level 4. HP: 40/40 MP: 4/4
  2545 | D:3      | Found a runed translucent door.
  2546 | D:3      | Noticed Crazy Yiuf
  2765 | D:3      | Killed Crazy Yiuf
  2766 | D:3      | Reached XP level 5. HP: 35/46 MP: 0/5
  3055 | D:4      | Noticed an ogre
  3063 | D:4      | Killed an ogre
  3064 | D:4      | Reached skill level 5 in Axes
  3176 | D:4      | Reached XP level 6. HP: 25/53 MP: 6/6
  3521 | D:4      | Gained mutation: Your system is resistant to poisons.
                  | (rPois) [potion of mutation]
  3534 | D:4      | Slain by a phantom

Illustrated notes

Levels and vault maps discovered:
D:1:      dpeg_arrival_windows_large_door, layout_loops_ring,
          chequers_ecumenical_altar_simple_redux, minivault_5,
          minmay_indecisive_spiral
D:2:      layout_basic, serial_shops, shop
D:3:      layout_basic, uniq_crazy_yiuf_cottage
D:4:      layout_basic, kennysheep_generic_room_10, uniq_natasha, uniq_menkaure

Skill      XL: |  1  2  3  4  5  6 |
---------------+-------------------+-----
Dodging        | 3 4 |  4.0
Fighting       | 4 |  4.8
Axes           | 4 5 |  5.9

Action                   |  1- 3 |  4- 6 || total
-------------------------+-------+-------++-------
Melee: Hand axe          |    88 |   130 ||   218
       Tailslap          |     8 |    15 ||    23
Invok: Berserk           |     1 |     4 ||     5
  Use: Scroll            |     1 |     4 ||     5
       Potion            |       |     5 ||     5
Armor: Skin              |    37 |    68 ||   105
Dodge: Dodged            |    94 |    81 ||   175

Table legend: (Time is in decaauts)
 A = Elapsed time spent in this place.
 B = Non-inter-level travel time spent in this place.
 C = Inter-level travel time spent in this place.
 D = Time resting spent in this place.
 E = Time spent auto-exploring this place.
 F = Levels seen in this place.
 G = Mean time per level.
                   A        B        C        D        E       F      G
               +--------+--------+--------+--------+--------+-----+--------+
         Total |   3603 |   3444 |    159 |    146 |   2620 |   4 |  900.8 |
       Dungeon |   3603 |   3444 |    159 |    146 |   2620 |   4 |  900.8 |
               +--------+--------+--------+--------+--------+-----+--------+

Top non-repeatable levels by time:
     D:2: 1127 daAuts
     D:3: 983 daAuts
     D:1: 895 daAuts
     D:4: 596 daAuts
